 Dungeon Crawl Stone Soup version 0.20-a0-839-gdaf5c57 (webtiles) character file.

100676 Amciq the Bludgeoner (level 15, -2/145 HPs)
             Began as a Minotaur Berserker on Mar 8, 2017.
             Was an Elder of Trog.
             Slain by a wolf spider (6 damage)
             ... on level 1 of the Spider Nest.
             The game lasted 01:29:46 (23993 turns).

Amciq the Bludgeoner (Minotaur Berserker)          Turns: 23993, Time: 01:29:47

Health: -2/145     AC: 39    Str: 25    XL:     15   Next: 81%
Magic:  14/14      EV: 14    Int:  4    God:    Trog [****..]
Gold:   961        SH:  0    Dex: 13    Spells: 14/14 levels left

rFire    . . .     SeeInvis .   D - +6 great mace "Giorr" {protect, rPois}
rCold    . . .     Gourm    .   a - +2 plate armour {MR+}
rNeg     . . .     Faith    .   (shield currently unavailable)
rPois    +         Spirit   .   (helmet restricted)
rElec    .         Reflect  .   A - +2 cloak
rCorr    .         Harm     .   R - +2 pair of gloves
MR       ++++.                  e - +2 pair of boots
Stlth    ..........             (no amulet)
Regen    1.4/turn               G - +3 ring of protection
MPRegen  0.2/turn               P - +4 ring of protection

@: exhausted, about to teleport, regenerating, drained
A: retaliatory headbutt, horns 2, yellow scales 1
a: Berserk, Trog's Hand, Brothers in Arms, Burn Spellbooks, Renounce Religion


You were on level 1 of the Spider Nest.
You worshipped Trog.
Trog was greatly pleased with you.
You were near starving.

You visited 4 branches of the dungeon, and saw 24 of its levels.
You also visited: Ossuary.

You collected 2417 gold pieces.
You spent 1456 gold pieces at shops.

Inventory:

Hand Weapons
 D - the +6 great mace "Giorr" (weapon) {protect, rPois}
   (Trog gifted it to you on level 10 of the Dungeon)

   It protects the one who uses it against injury (+AC on strike).
   It protects you from poison.
 I - the +5 great mace of Koduanoc {freeze, *Drain rN+ Str+4}
   (Trog gifted it to you on level 2 of the Orcish Mines)

   It has been specially enchanted to freeze those struck by it, causing extra
   injury to most foes and up to half again as much damage against particularly
   susceptible opponents.
   It can also slow down cold-blooded creatures.
   It affects your strength (+4).
   It protects you from negative energy.
   It causes draining when unequipped.
Armour
 a - a +2 plate armour of magic resistance (worn)
 e - a +2 pair of boots (worn)
 A - a +2 cloak (worn)
 R - a +2 pair of gloves (worn)
Jewellery
 s - an uncursed ring of flight
 u - an uncursed ring of poison resistance
 C - an uncursed ring of protection from cold {unknown}
 G - a +3 ring of protection (right hand)
 H - an uncursed ring of fire
 J - a cursed ring of teleportation {unknown}
 P - a +4 ring of protection (left hand)
Scrolls
 b - 3 scrolls of vulnerability {unknown}
 g - 3 scrolls of fog
 i - 12 scrolls of teleportation
 k - 6 scrolls of remove curse
 o - 3 scrolls of magic mapping {unknown}
 t - 4 scrolls of blinking {unknown}
 v - 4 scrolls of identify
 y - 2 scrolls of random uselessness {unknown}
 B - 4 scrolls of recharging {unknown}
 E - a scroll of acquirement {unknown}
 F - 3 scrolls of enchant weapon
 L - a scroll of silence
 N - a scroll of fear
 T - 2 scrolls of noise {unknown}
Potions
 f - 19 potions of curing
 j - 8 potions of brilliance
 m - 8 potions of lignification
 p - 3 potions of flight
 q - 5 potions of cancellation
 r - 2 potions of resistance
 w - a potion of ambrosia
 x - 9 potions of heal wounds
 z - 4 potions of haste
 S - 4 potions of might
 U - 2 potions of agility
Miscellaneous
 n - a fan of gales
Comestibles
 c - 8 bread rations
 d - 17 fruits
 h - 10 meat rations
 O - 7 royal jellies


   Skills:
 * Level 16.6(16.0) Fighting
 * Level 16.6(16.0) Maces & Flails
 * Level 16.5(15.9) Armour
 + Level 13.4(12.9) Dodging
 + Level 8.7(8.2) Unarmed Combat


You had 14 spell levels left.
You didn't know any spells.

Dungeon Overview and Level Annotations

Branches:
Dungeon (15/15)            Temple (0/1) D:7            Lair (6/6) D:10
 Shoals (0/4) Lair:3       Spider (1/4) Lair:2          Orc (2/2) D:12
    Elf (0/3) Orc:2        Vaults (0/5) D:14         Depths (0/5) D:15
  Slime: Lair:5-6

Altars:
Elyvilon
Gozag
Hepliaklqana
Ru
Sif Muna
Uskayaw
The Shining One

Shops:
D:6 !   D:7 *   Orc:2 (!}*!

Portals:
Pandemonium: Orc:2

Annotations:
D:15 exclusion: Roxanne, Roxanne
Lair:3 exclusion: oklob plant
Lair:6 exclusion: oklob plant
Spider:1 Rupert


Innate Abilities, Weirdness & Mutations

You reflexively headbutt those who attack you in melee.
You have a pair of horns on your head.
You are partially covered in yellow scales. (AC +2)


Message History

* * * LOW HITPOINT WARNING * * *
Rupert freezes you!
* * * LOW HITPOINT WARNING * * *
The wolf spider misses you. You furiously retaliate!
You headbutt the wolf spider!
The wolf spider bites you but does no damage.
Okay, then.
As you read the scroll of teleportation, it crumbles to dust.
You feel strangely unstable.
You feel yourself speed up. The wolf spider barely misses you.
The wolf spider bites you but does no damage.
Rupert hits you with a battleaxe of freezing!
* * * LOW HITPOINT WARNING * * *
Rupert freezes you.
* * * LOW HITPOINT WARNING * * *
The wolf spider hits you!
* * * LOW HITPOINT WARNING * * *
The wolf spider bites you.
You die...

##...########.........##
............#.......[.#
......................# #
./...................## .#
#..<.................# ..#
....................###...###
..#^................#.#......
..###...##............#......
###.....#.......@s.....^.....
##..###.......@s...........
####..........s...........
#.......................
####...............$)...
#....................
####.................
................^...
.....................


You could see Rupert (berserk), an emperor scorpion and 2 wolf spiders.

Vanquished Creatures
  The ghost of Vi the Spry, an adept DEFE of Vehumet (Spider:1)
  A deep elf annihilator (D:14)
  4 fire dragons
  5 vault guards (D:14)
  6 hydras
  A catoblepas (D:13)
  5 centaur warriors
  9 two-headed ogres
  An ogre mage (D:15)
  3 tengu warriors
  An orc high priest (Orc:2)
  2 soul eaters (Orc:2)
  3 deep elf knights (D:14)
  A slime creature (D:14)
  5 unseen horrors
  2 infernal demonspawn (Orc:2)
  A torturous demonspawn (Orc:2)
  A wizard (D:14)
  5 orc knights (Orc:2)
  2 orb spiders (Spider:1)
  2 ugly things (D:11)
  3 deep elf magi (D:14)
  6 wolf spiders
  3 cyclopes
  6 orc sorcerers
  A manticore (D:13)
  3 elephants
  A rust devil (Orc:2)
  The ghost of TroubleDarcy the Chopper, a novice GrBe of Trog (D:4)
  2 merfolk sirens (Lair:3)
  13 black mambas
  A guardian serpent (Lair:6)
  15 spiny frogs
  A gargoyle (D:11)
  2 kobold demonologists
  3 rime drakes
  An efreet (D:13)
  A yaktaur (D:14)
  2 komodo dragons
  An ice devil (Orc:2)
  6 jumping spiders
  4 hornets
  3 meliai (D:12)
  3 merfolk
  11 trolls
  Prince Ribbit (Lair:2)
  18 blink frogs
  5 hippogriffs
  A water elemental (D:15)
  16 redbacks
  11 wyverns
  2 humans (D:14)
  8 tarantellas (Spider:1)
  2 vampires
  A steam dragon (D:15)
  2 wraiths (D:13)
  22 yaks
  2 basilisks (Lair:6)
  A chaos spawn (Orc:2)
  2 hungry ghosts
  6 wargs
  3 acid dragons (Lair:6)
  A soldier ant (D:11)
  7 porcupines
  23 water moccasins
  4 swamp drakes
  26 orc warriors
  A sky beast (D:10)
  2 black bears
  4 ice beasts
  6 wolves (Lair:6)
  7 ogres
  A necrophage (D:9)
  11 centaurs
  11 crocodiles
  17 big kobolds
  20 bullfrogs
  A gnoll sergeant (D:12)
  A wyvern skeleton (D:10)
  7 scorpions
  20 killer bees
  6 wights
  4 howler monkeys
  An electric eel (D:15)
  4 crimson imps
  3 jellies
  A quasit (D:10)
  3 centaur zombies
  3 bullfrog zombies
  7 hounds
  27 orc priests
  3 centaur skeletons
  18 orc wizards
  Jessica (D:3)
  6 iguanas
  Natasha (thrice) (D:2)
  17 worker ants
  A killer bee zombie (D:10)
  3 mummies
  A howler monkey zombie (D:5)
  2 worker ant zombies
  6 gnolls
  A howler monkey skeleton (D:5)
  11 adders
  A shadow imp (D:11)
  An adder zombie (D:7)
  3 worms
  A dart slug (D:1)
  9 leopard geckos
  76 orcs
  7 bats
  7 giant cockroaches
  13 goblins
  10 hobgoblins
  7 jackals
  5 quokkas
  7 frilled lizards
  4 gnoll skeletons (Ossuary)
  7 gnoll zombies (Ossuary)
  4 goblin skeletons (Ossuary)
  3 goblin zombies (Ossuary)
  A hobgoblin zombie (Ossuary)
  A jackal zombie (D:9)
  47 kobolds
  2 kobold skeletons (Ossuary)
  A kobold zombie (Ossuary)
  A leopard gecko skeleton (D:5)
  An orc skeleton (Ossuary)
  An orc zombie (Ossuary)
  10 rats
  3 rat skeletons (Ossuary)
  2 rat zombies (Ossuary)
794 creatures vanquished.

Vanquished Creatures (collateral kills)
  A two-headed ogre (D:8)
  3 orc high priests (Orc:2)
  A swamp dragon (Lair:6)
  A wizard (D:14)
  An orc knight (Orc:2)
  4 orc sorcerers (Orc:2)
  An orange demon (Orc:2)
  A smoke demon (Orc:2)
  2 wargs (Orc:2)
  6 orc warriors
  An ogre (D:8)
  A crimson imp (D:14)
  2 orc priests
  6 orcs
31 creatures vanquished.

Vanquished Creatures (others)
  A deep elf knight (D:14)
  Menkaure (Ossuary)
  A mummy (Ossuary)
  An orc (D:12)
  A gnoll zombie (Ossuary)
  4 goblin skeletons (Ossuary)
  2 goblin zombies (Ossuary)
  2 hobgoblin skeletons (Ossuary)
  2 hobgoblin zombies (Ossuary)
  2 kobold skeletons (Ossuary)
  5 kobold zombies (Ossuary)
  3 rat skeletons (Ossuary)
  21 fungi
  32 plants
78 creatures vanquished.

Grand Total: 903 creatures vanquished

Notes
Turn   | Place    | Note
-------+----------+-------------------------------------------
     0 | D:1      | Amciq the Minotaur Berserker began the quest for the Orb.
     0 | D:1      | Reached XP level 1. HP: 19/19 MP: 0/0
   452 | D:1      | Reached XP level 2. HP: 27/27 MP: 1/1
  1219 | D:2      | Reached XP level 3. HP: 30/33 MP: 2/2
  1230 | D:2      | Found a hide-covered altar of Uskayaw.
  1258 | D:2      | Reached ** piety under Trog
  1633 | D:2      | Noticed Natasha
  1640 | D:2      | Killed Natasha
  1640 | D:2      | Reached XP level 4. HP: 33/40 MP: 3/3
  1707 | D:2      | Found a sacrificial altar of Ru.
  1723 | D:2      | Noticed Natasha
  1730 | D:2      | Killed Natasha
  1897 | D:2      | Reached XP level 5. HP: 35/47 MP: 4/4
  1909 | D:2      | Noticed Natasha
  1922 | D:2      | Killed Natasha
  1922 | D:2      | Reached skill level 5 in Maces & Flails
  2361 | D:3      | Noticed Jessica
  2373 | D:3      | Killed Jessica
  2436 | D:3      | Reached *** piety under Trog
  2660 | D:4      | Reached XP level 6. HP: 44/55 MP: 5/5
  2677 | D:4      | Reached skill level 5 in Fighting
  2711 | D:4      | Noticed TroubleDarcy's ghost (novice GrBe)
  2721 | D:4      | Killed TroubleDarcy's ghost
  2721 | D:4      | Reached skill level 5 in Armour
  2721 | D:4      | Reached XP level 7. HP: 41/62 MP: 6/6
  2740 | D:4      | Reached skill level 5 in Dodging
  3115 | D:5      | Entered Level 5 of the Dungeon
  3246 | D:5      | Found a deep blue altar of Sif Muna.
  3289 | D:5      | Found a glowing golden altar of the Shining One.
  3442 | D:5      | Found a sand-covered staircase.
  3457 | Ossuary  | Entered an ossuary
  3633 | Ossuary  | Reached **** piety under Trog
  3672 | Ossuary  | Killed Menkaure
  3815 | D:5      | Reached XP level 8. HP: 69/71 MP: 7/7
  4662 | D:6      | Found Umnobist's Distillery.
  4974 | D:6      | Reached ***** piety under Trog
  5308 | D:7      | Found a staircase to the Ecumenical Temple.
  5371 | D:7      | Got a brightly glowing falchion
  5372 | D:7      | Identified the +11 falchion of Zidas {slice, *Contam rPois MP+9 Dex+5} (You found it on level 7 of the Dungeon)
  5406 | D:7      | Got a warped trident
  5407 | D:7      | Identified the cursed +1 trident of Guile {pierce, MR++ Str+4 Int+5} (You found it on level 7 of the Dungeon)
  5408 | D:7      | Gained mutation: Scrolls take you a little longer to read. [mutagenic glow]
  5430 | D:7      | Found Giam's Assorted Antiques.
  5549 | D:7      | Reached XP level 9. HP: 81/81 MP: 8/8
  6523 | D:8      | Noticed a two-headed ogre
  6527 | D:8      | Killed a two-headed ogre
  6528 | D:8      | Found an opulent altar of Gozag.
  6528 | D:8      | Found a white marble altar of Elyvilon.
  6645 | D:9      | Noticed a two-headed ogre
  6652 | D:9      | Killed a two-headed ogre
  6739 | D:9      | Noticed a troll
  6742 | D:9      | Killed a troll
  6983 | D:9      | Reached XP level 10. HP: 91/91 MP: 9/9
  7092 | D:9      | Noticed a two-headed ogre
  7098 | D:9      | Killed a two-headed ogre
  7143 | D:9      | You fall through a shaft!
  7143 | D:10     | Entered Level 10 of the Dungeon
  7204 | D:9      | Found a hazy altar of Hepliaklqana.
  7318 | D:9      | Noticed a two-headed ogre
  7326 | D:9      | Killed a two-headed ogre
  7326 | D:9      | Reached skill level 10 in Fighting
  7326 | D:9      | Reached skill level 10 in Maces & Flails
  7880 | D:10     | Reached skill level 10 in Armour
  7887 | D:10     | Received a gift from Trog
  7924 | D:10     | Got a faintly glowing great mace {god gift}
  7925 | D:10     | Identified the +6 great mace "Giorr" {protect, rPois} (Trog gifted it to you on level 10 of the Dungeon)
  7998 | D:10     | Killed an unseen horror
  7998 | D:10     | Reached XP level 11. HP: 73/101 MP: 10/10
  8262 | D:10     | Found a staircase to the Lair.
  8381 | D:10     | Lost mutation: Scrolls take you a little longer to read. [mutagenic meat]
  8382 | D:10     | Gained mutation: You tend to lose your temper in combat. [mutagenic meat]
  8383 | D:10     | Gained mutation: You have a pair of large horns on your head. [mutagenic meat]
  8384 | D:10     | Gained mutation: Your body sometimes deteriorates upon taking damage. [mutagenic meat]
  8385 | D:10     | Gained mutation: You do not regenerate when monsters are visible. [mutagenic meat]
  8521 | D:10     | Reached skill level 10 in Dodging
  8754 | D:10     | Lost mutation: You tend to lose your temper in combat. [potion of mutation]
  8754 | D:10     | Lost mutation: Your body sometimes deteriorates upon taking damage. [potion of mutation]
  8754 | D:10     | Lost mutation: You have a pair of large horns on your head. [potion of mutation]
  8754 | D:10     | Lost mutation: You do not regenerate when monsters are visible. [potion of mutation]
  8754 | D:10     | Gained mutation: You are resistant to hostile enchantments. (MR+) [potion of mutation]
  8754 | D:10     | Gained mutation: Your mind is acute. (Int +2) [potion of mutation]
  8755 | D:10     | Lost mutation: Your mind is acute. (Int +2) [potion of mutation]
  8755 | D:10     | Lost mutation: You are resistant to hostile enchantments. (MR+) [potion of mutation]
  8755 | D:10     | Gained mutation: You do not regenerate when monsters are visible. [potion of mutation]
  8755 | D:10     | Gained mutation: You have very sharp teeth. [potion of mutation]
  8755 | D:10     | Gained mutation: Your mind is acute. (Int +2) [potion of mutation]
  8756 | D:10     | Lost mutation: You do not regenerate when monsters are visible. [potion of mutation]
  8756 | D:10     | Lost mutation: You have very sharp teeth. [potion of mutation]
  8756 | D:10     | Lost mutation: Your mind is acute. (Int +2) [potion of mutation]
  8756 | D:10     | Gained mutation: Your body sometimes deteriorates upon taking damage. [potion of mutation]
  8756 | D:10     | Gained mutation: You are partially covered in yellow scales. (AC +2) [potion of mutation]
  9027 | D:11     | Noticed a cyan ugly thing
  9034 | D:11     | Killed a cyan ugly thing
  9041 | D:11     | Lost mutation: Your body sometimes deteriorates upon taking damage. [mutagenic meat]
  9204 | D:11     | Killed an unseen horror
  9343 | D:11     | Noticed a cyan ugly thing
  9352 | D:11     | Killed a cyan ugly thing
  9615 | D:11     | Killed an unseen horror
  9894 | D:11     | Noticed an eight-headed hydra
  9903 | D:11     | Killed an eight-headed hydra
 10102 | D:11     | Received a gift from Trog
 10264 | D:12     | Noticed an eight-headed hydra
 10268 | D:12     | Killed an eight-headed hydra
 10441 | D:12     | Noticed a two-headed ogre
 10444 | D:12     | Reached XP level 12. HP: 112/112 MP: 11/11
 10450 | D:12     | Killed a two-headed ogre
 10468 | D:12     | Found a staircase to the Orcish Mines.
 10675 | D:12     | Reached skill level 1 in Unarmed Combat
 10764 | D:12     | Noticed a two-headed ogre
 10769 | D:12     | Killed a two-headed ogre
 10970 | Lair:1   | Entered Level 1 of the Lair of Beasts
 11762 | Lair:2   | Noticed Prince Ribbit
 11813 | Lair:2   | Killed Prince Ribbit
 12315 | Lair:2   | Found a hole to the Spider Nest.
 12707 | Lair:3   | Found a staircase to the Shoals.
 12721 | Lair:3   | Received a gift from Trog
 12819 | Lair:3   | Reached ****** piety under Trog
 13701 | Lair:4   | Reached XP level 13. HP: 122/122 MP: 12/12
 15187 | Lair:6   | Entered Level 6 of the Lair of Beasts
 15446 | Lair:6   | Received a gift from Trog
 15533 | Lair:6   | Reached skill level 5 in Unarmed Combat
 15950 | Lair:6   | Received a gift from Trog
 16462 | Lair:6   | Reached XP level 14. HP: 133/133 MP: 13/13
 17301 | Orc:1    | Entered Level 1 of the Orcish Mines
 17559 | Orc:2    | Entered Level 2 of the Orcish Mines
 17559 | Orc:2    | Found a staircase to the Elven Halls.
 17786 | Orc:2    | Found Axzuger's Distillery.
 17793 | Orc:2    | Received a gift from Trog
 18032 | Orc:2    | Reached skill level 15 in Maces & Flails
 18042 | Orc:2    | Found Mixkoimp's Distillery.
 18045 | Orc:2    | Found Zujynol's General Store.
 18272 | Orc:2    | Reached skill level 15 in Fighting
 18472 | Orc:2    | Received a gift from Trog
 18475 | Orc:2    | Got a dazzling great mace {god gift}
 18476 | Orc:2    | Identified the +5 great mace of Koduanoc {freeze, *Drain rN+ Str+4} (Trog gifted it to you on level 2 of the Orcish Mines)
 18480 | Orc:2    | Reached skill level 15 in Armour
 18923 | Orc:2    | Found Watem's Antique Weapon Boutique.
 18923 | Orc:2    | Found Ypuon's Gadget Shop.
 18923 | Orc:2    | Found a one-way gate leading to the halls of Pandemonium.
 19583 | Orc:2    | Bought a potion of heal wounds for 55 gold pieces
 19583 | Orc:2    | Bought a potion of heal wounds for 55 gold pieces
 19583 | Orc:2    | Bought a potion of curing for 33 gold pieces
 19583 | Orc:2    | Bought a potion of heal wounds for 55 gold pieces
 19583 | Orc:2    | Bought a potion of curing for 33 gold pieces
 19825 | D:7      | Bought a scroll of teleportation for 105 gold pieces
 19825 | D:7      | Bought a glowing plate armour for 910 gold pieces
 19825 | D:7      | Bought a potion of might for 140 gold pieces
 19825 | D:7      | Bought a scroll of identify for 70 gold pieces
 21400 | D:14     | Reached XP level 15. HP: 123/141 MP: 14/14
 21602 | D:14     | Received a gift from Trog
 21803 | D:14     | Found a gate to the Vaults.
 22220 | D:15     | Entered Level 15 of the Dungeon
 22776 | D:15     | Found a staircase to the Depths.
 23044 | D:15     | Received a gift from Trog
 23182 | D:15     | Noticed Roxanne
 23437 | Spider:1 | Entered Level 1 of the Spider Nest
 23656 | Spider:1 | Paralysed by a hornet for 3 turns
 23874 | Spider:1 | Noticed Vi's ghost (adept DEFE)
 23959 | Spider:1 | Killed Vi's ghost
 23981 | Spider:1 | Noticed Rupert
 23993 | Spider:1 | HP: 4/145 [wolf spider (14)]
 23993 | Spider:1 | Slain by a wolf spider

Vault maps used:
D:1:      dpeg_arrival_round_c, minivault_19
D:2:      eat_drink_and_be_merry_uskayaw, nicolae_overflow_crystal_walls,
          minmay_tripent, uniq_natasha
D:3:      first_bread, minmay_item_behind_shaft, serial_bayou_pond_d,
          uniq_jessica
D:5:      overflow_temple_1_default, basic_altar, gup_ossuary_entry_pyramid
D:6:      corexii_shantytown, serial_shops, shop
D:7:      minmay_temple_entry_mist, serial_shops, shop
D:8:      chequers_temple_overflow_statue_of_worship
D:9:      kennysheep_little_box, hangedman_fish_farm
D:10:     erik_lair_orcish_takeover, special_room
D:12:     erik_orc_1
D:14:     grunt_vaults_entry_fortified, hangedman_abyss_or_decor_lesser_grid
D:15:     grunt_enter_depths_hoard, uniq_roxanne
Lair:2:   spider_nest_entry_funnel_web, grunt_megastairs_5, uniq_prince_ribbit2
Lair:3:   elwin_shoals_entry_stream, minmay_lair_oklob_chamber
Lair:5:   grunt_megastairs_2
Lair:6:   hangedman_lair_tendril_chambers, guppyfry_lair_end_dragon,
          minmay_slime_entry_oklob_enclosed, zaba_anthole, serial_bayou_pond_e,
          st_stairs_3
Spider:1: spider_trap, uniq_rupert
Orc:2:    pf_orc_diabolical, serial_shops, shop
Ossuary:  ossuary_due_pyramid

Skill      XL: |  1  2  3  4  5  6  7  8  9 10 11 12 13 14 15 |
---------------+----------------------------------------------+-----
Maces & Flails | 4 5 6 8 9 10 12 13 14 15 16 | 16.6
Fighting       | 4 5 6 7 9 10 12 13 14 15 16 | 16.6
Armour         | 3 4 5 7 8 10 11 13 14 15 16 | 16.5
Dodging        | 3 4 5 6 8 9 10 11 12 13 | 13.4
Unarmed Combat | 4 5 7 8 |  8.7

Action                   |  1- 3 |  4- 6 |  7- 9 | 10-12 | 13-15 || total
-------------------------+-------+-------+-------+-------+-------++-------
Melee: Mace              |    81 |    96 |   363 |    65 |       ||   605
       Headbutt          |     8 |    13 |    80 |   113 |   212 ||   426
       Whip              |       |       |       |    43 |       ||    43
       Morningstar       |       |       |       |    19 |       ||    19
       Great mace        |       |       |       |   416 |   971 ||  1387
Invok: Berserk           |     1 |     4 |     9 |    17 |    34 ||    65
       Trog's Hand       |       |     2 |     1 |     4 |    17 ||    24
       Burn Spellbooks   |       |       |     1 |     3 |     1 ||     5
       Brothers in Arms  |       |       |     1 |     1 |    12 ||    14
  Use: Scroll            |     6 |       |     1 |    18 |     5 ||    30
       Potion            |       |       |       |     3 |       ||     3
 Stab: Confused          |       |       |       |     1 |       ||     1
  Eat: Chunk             |     2 |     8 |    19 |    35 |    68 ||   132
       Royal jelly       |       |       |     1 |     1 |     4 ||     6
       Fruit             |       |       |     1 |     6 |     2 ||     9
       Meat ration       |       |       |       |     2 |       ||     2
Armor: Ring mail         |    34 |    23 |       |       |       ||    57
       Scale mail        |       |    13 |   130 |   125 |       ||   268
       Plate armour      |       |       |       |   376 |   762 ||  1138
Dodge: Dodged            |    50 |    65 |   187 |   433 |   726 ||  1461
